 Dungeon Crawl Stone Soup version 0.29.1-14-g9c671dbff4 (webtiles) character file.

Game seed: 12012316248707773016

11531 Anriel the Skirmisher (level 12, -4/84 HPs)
             Began as a Human Hunter on Feb 17, 2023.
             Was an Initiate of Gozag.
             Slain by a manticore (16 damage)
             ... on level 12 of the Dungeon.
             The game lasted 01:19:51 (10004 turns).

Anriel the Skirmisher (Human Hunter)               Turns: 10004, Time: 01:19:52

Health: -4/84      AC: 11    Str: 13    XL:     12   Next: 8%
Magic:  16/16      EV: 19    Int: 10    God:    Gozag
Gold:   190        SH:  0    Dex: 20    Spells: 16/17 levels left

rFire   . . .      SeeInvis .   w - +6 hand axe "Nyuxe" {venom, rPois rN++}
rCold   . . .      Faith    .   (no shield)
rNeg    + + .      Spirit   .   c - +0 leather armour
rPois   +          Reflect  .   J - +1 hat
rElec   .          Harm     .   g - +0 cloak
rCorr   +          Rampage  .   i - +2 pair of gloves
Will    +....                   q - +2 pair of boots
Stlth   +++.......              h - amulet of regeneration
HPRegen 1.04/turn               p - ring of willpower
MPRegen 0.15/turn               x - ring of resist corrosion

@: no status effects
A: no striking features
a: Renounce Religion, Potion Petition, Call Merchant, Bribe Branch


You were on level 12 of the Dungeon.
You worshipped Gozag.
Gozag was aware of your devotion.
You visited 2 branches of the dungeon, and saw 13 of its levels.

You collected 1999 gold pieces.
You spent 444 gold pieces at shops.
You paid 1365 gold pieces to Gozag.

Inventory:

Hand Weapons
 a - a +1 shortbow of flaming
 m - a +0 arbalest
 s - a +1 longbow of flaming
 w - the +6 hand axe "Nyuxe" (weapon) {venom, rPois rN++}
   (You found it on level 5 of the Dungeon)

   It poisons the flesh of those it strikes.
   rPois:     It protects you from poison.
   rN:        It greatly protects you from negative energy.
 C - a +5 falchion
 H - a +4 vampiric dagger
 Q - a +0 shortbow of freezing
Missiles
 y - 4 boomerangs of dispersal
 O - a throwing net
Armour
 c - a +0 leather armour (worn)
 g - a +0 cloak (worn)
 i - a +2 pair of gloves (worn)
 o - a +0 cloak
 q - a +2 pair of boots (worn)
 u - a +0 cloak
 A - a +0 helmet
 J - a +1 hat (worn)
 K - a +0 scale mail of willpower
Jewellery
 f - an amulet of reflection
 h - an amulet of regeneration (around neck)
 p - a ring of willpower (left hand)
 x - a ring of resist corrosion (right hand)
 z - a ring of positive energy
 F - an amulet of guardian spirit
Wands
 e - a wand of polymorph (15)
 B - a wand of iceblast (5)
 D - a wand of flame (5)
 G - a wand of acid (12)
 P - a wand of digging (6)
Scrolls
 b - 2 scrolls of immolation
 r - a scroll of identify
 I - 4 scrolls of magic mapping
 R - 2 scrolls of amnesia
Potions
 d - a potion of cancellation
 k - 3 potions of mutation
 l - 2 potions of haste
 n - 3 potions of magic
 t - 4 potions of brilliance
 v - 3 potions of flight
 E - 3 potions of resistance
Miscellaneous
 M - a box of beasts (inert)
 N - a phantom mirror (inert)


   Skills:
 - Level 4.3 Fighting
 - Level 4.0 Short Blades
 - Level 5.0 Axes
 + Level 11.3 Ranged Weapons
 + Level 11.2 Dodging
 - Level 5.0 Stealth
 - Level 3.2 Spellcasting
 - Level 3.0 Poison Magic


You had 16 spell levels left.
You knew the following spells:

 Your Spells              Type           Power      Damage    Failure   Level
a - Sting                 Tmut/Pois      16%        1d3       19%         1

Your spell library contained the following spells:

 Spells                   Type           Power      Damage    Failure   Level
 Poisonous Vapours        Pois/Air       8%         N/A       28%         2
 Sandblast                Erth           2%         2d4       34%         1
 Passwall                 Tmut/Erth      0%         N/A       47%         2
 Olgreb's Toxic Radiance  Pois           7%         N/A       69%         4
 Frozen Ramparts          Ice            2%         1d1       71%         3
 Stone Arrow              Conj/Erth      2%         3d7       71%         3
 Dispel Undead            Necr           1%         3d6       98%         4
 Ice Form                 Ice/Tmut       1%         N/A       98%         4
 Summon Ice Beast         Ice/Summ       1%         N/A       98%         4
 Death Channel            Necr           0%         N/A       100%        6
 Corpse Rot               Necr/Pois/Air  Unusable   N/A       N/A         4

Dungeon Overview and Level Annotations

Branches:
Dungeon (12/15)            Temple (1/1) D:4            Lair (0/5) D:8
    Orc (0/2) D:9

Altars:
Ashenzari
Cheibriados
Dithmenos
Elyvilon
Fedhas
Gozag
Hepliaklqana
Kikubaaqudgha
Makhleb
Nemelex Xobeh
Okawaru
Qazlal
Ru
Sif Muna
Trog
Uskayaw
Vehumet
Wu Jian
Xom
Yredelemnul
Zin
The Shining One

Shops:
D:3 :   D:7 [   D:8 (   D:11 *:!=

Annotations:
D:6 2 transporters, Rider's ghost, novice DgFi


Message History

The manticore is lightly wounded.
The manticore completely misses you.
The manticore claws you but does no damage.
The manticore closely misses you.
You barely miss the manticore.
The manticore is moderately wounded.
The manticore bites you!!
* * * LOW HITPOINT WARNING * * *
The manticore misses you. x2
You hit the manticore but do no damage.
The manticore looks as sick as possible!
The manticore is moderately wounded.
The manticore closely misses you. The manticore barely misses you.
The manticore claws you but does no damage.
You slash the manticore!
The manticore looks as sick as possible!
The manticore is heavily wounded.
The manticore bites you!
* * * LOW HITPOINT WARNING * * *
The manticore claws you but does no damage.
The manticore claws you!
* * * LOW HITPOINT WARNING * * *
You feel better. The manticore closely misses you. The manticore claws you.
* * * LOW HITPOINT WARNING * * *
The manticore claws you!
* * * LOW HITPOINT WARNING * * *
You feel better. The manticore misses you. x3
Okay, then.
Okay, then.
Okay, then.
Aiming: Phantom Mirror
Press: ? - help, Dir - move target, f/p - manticore
Aim: a manticore (severely wounded, extremely poisoned)
You reflect the manticore with the mirror!
The mirror clouds!
Your manticore bites the manticore.
Your manticore barely misses the manticore.
Your manticore completely misses the manticore.
The manticore bites you!
You die...
Your body crumbles into a pile of gold.

.....
#....
....#
#...#
.$..
#..##
#HH##
#@.#
##.#
.# ..
..#
...
....
###.


You could see a manticore (extremely poisoned, ally target) and a friendly
manticore (summoned, extremely poisoned, drained).

Vanquished Creatures
  A hydra (D:11)
  A two-headed ogre (D:9)
  Urug (D:10)
  A cyclops (D:10)
  A gargoyle (D:10)
  3 kobold demonologists
  An unseen horror (D:11)
  4 trolls
  Sigmund (D:4)
  2 shadows (D:11)
  A vampire (D:9)
  5 wyverns (D:9)
  2 wraiths
  8 yaks
  2 steam dragons
  Menkaure (D:4)
  3 vampire mosquitoes (D:11)
  A water moccasin (D:9)
  5 orc warriors
  2 sky beasts
  A black bear (D:8)
  An ogre (D:4)
  3 centaurs
  A phantom (D:4)
  Blork the orc (D:5)
  4 kobold brigands
  3 bullfrogs
  2 scorpions
  7 wights
  16 killer bees
  2 howler monkeys
  3 hounds (D:6)
  4 orc priests
  An iguana (D:5)
  8 orc wizards
  6 gnolls
  11 adders
  A white imp (D:8)
  2 worms
  4 dart slugs
  24 orcs
  5 ball pythons
  4 bats
  4 endoplasms
  5 giant cockroaches
  12 hobgoblins
  12 jackals
  16 kobolds
  A quokka (D:3)
  3 frilled lizards
  8 goblins
  4 rats
225 creatures vanquished.

Vanquished Creatures (others)
  A slime creature (D:9)
  A human (D:10)
2 creatures vanquished.

Grand Total: 227 creatures vanquished

Notes
Turn   | Place    | Note
-------+----------+-------------------------------------------
     0 | D:1      | Anriel the Human Hunter began the quest for the Orb.
     0 | D:1      | Reached XP level 1. HP: 16/16 MP: 1/1
   308 | D:1      | Reached XP level 2. HP: 23/23 MP: 2/2
   320 | D:1      | Found a faded altar of an unknown god.
   714 | D:2      | Reached XP level 3. HP: 28/28 MP: 3/3
   737 | D:2      | Learned a level 1 spell: Sting
  1054 | D:2      | Reached XP level 4. HP: 35/35 MP: 4/4
  1371 | D:2      | Reached skill level 5 in Ranged Weapons
  1565 | D:3      | Reached XP level 5. HP: 41/41 MP: 5/5
  1692 | D:3      | Found Revi's Book Shoppe.
  2219 | D:4      | Found a staircase to the Ecumenical Temple.
  2284 | Temple   | Entered the Ecumenical Temple
  2516 | Temple   | Became a worshipper of Gozag Ym Sagoz the Greedy
  2565 | D:4      | Noticed a phantom
  2575 | D:4      | Killed a phantom
  2576 | D:4      | Reached XP level 6. HP: 49/49 MP: 6/6
  2623 | D:4      | Noticed an ogre
  2628 | D:4      | Killed an ogre
  2670 | D:4      | Noticed Sigmund
  2680 | D:4      | Killed Sigmund
  2681 | D:4      | Reached XP level 7. HP: 48/55 MP: 7/7
  2696 | D:4      | Noticed Menkaure
  2707 | D:4      | Killed Menkaure
  2874 | D:4      | Reached XP level 8. HP: 33/61 MP: 8/8
  3121 | D:5      | Entered Level 5 of the Dungeon
  3279 | D:5      | Identified the +6 hand axe "Nyuxe" {venom, rPois rN++}
  3442 | D:5      | Reached skill level 1 in Axes
  3442 | D:5      | Reached skill level 5 in Dodging
  3593 | D:5      | Noticed Blork the orc
  3601 | D:5      | Killed Blork the orc
  3883 | D:6      | Noticed a queen bee
  3895 | D:6      | Found a transporter.
  3898 | D:6      | Noticed Rider's ghost (novice DgFi)
  3899 | D:6      | Found a transporter.
  4060 | D:6      | Reached skill level 1 in Spellcasting
  4475 | D:6      | Reached XP level 9. HP: 66/66 MP: 11/11
  4922 | D:7      | Reached skill level 1 in Poison Magic
  4926 | D:7      | Found Quschi Pyoc's Armour Boutique.
  6064 | D:8      | Reached XP level 10. HP: 43/73 MP: 14/14
  6389 | D:8      | Found a staircase to the Lair.
  6528 | D:9      | You fall into a shaft and drop 1 floor!
  6528 | D:10     | Entered Level 10 of the Dungeon
  6611 | D:10     | Reached skill level 5 in Stealth
  6623 | D:10     | Noticed a cyclops
  6939 | D:9      | Found Ryafy's Book Shoppe.
  6968 | D:9      | Found a staircase to the Orcish Mines.
  7089 | D:9      | Found a glowing golden altar of the Shining One.
  7471 | D:9      | Found a hide-covered altar of Uskayaw.
  7471 | D:9      | Found a stormy altar of Qazlal.
  7481 | D:9      | Reached skill level 5 in Axes
  7491 | D:9      | Found an iron altar of Okawaru.
  7491 | D:9      | Found a shimmering blue altar of Sif Muna.
  7547 | D:9      | Noticed a two-headed ogre
  7604 | D:9      | Killed a two-headed ogre
  7691 | D:9      | Reached XP level 11. HP: 67/78 MP: 15/15
  7742 | D:9      | Found an opulent altar of Gozag.
  7861 | D:9      | Noticed a centaur warrior
  7865 | D:9      | Noticed a two-headed ogre
  7866 | D:9      | Noticed a boulder beetle
  7868 | D:9      | Noticed a deep elf pyromancer
  8088 | D:9      | Noticed a fire crab
  8240 | D:10     | Killed a cyclops
  8281 | D:10     | Reached skill level 10 in Ranged Weapons
  8312 | D:10     | Noticed Urug
  8319 | D:10     | Killed Urug
  8320 | D:10     | Reached skill level 10 in Dodging
  8618 | D:10     | Found an ancient bone altar of Kikubaaqudgha.
  8908 | D:11     | Found Zimm's Book Shop.
  8910 | D:11     | Found Jyfi's General Store.
  8913 | D:11     | Found Niovuahu's Jewellery Shop.
  8916 | D:11     | Found Pieseott's Distillery.
  8921 | D:11     | Bought a potion of flight for 39 gold pieces
  8921 | D:11     | Bought a potion of heal wounds for 65 gold pieces
  8921 | D:11     | Bought a potion of curing for 39 gold pieces
  8921 | D:11     | Bought a potion of curing for 39 gold pieces
  8921 | D:11     | Bought a potion of resistance for 130 gold pieces
  8921 | D:11     | Bought a potion of magic for 104 gold pieces
  8924 | D:11     | Bought a scroll of identify for 28 gold pieces
  9002 | D:11     | Noticed a five-headed hydra
  9021 | D:11     | Killed a five-headed hydra
  9539 | D:11     | Reached XP level 12. HP: 42/84 MP: 16/16
 10002 | D:12     | HP: 1/84 [manticore (7)]
 10004 | D:12     | Slain by a manticore

Illustrated notes

Levels and vault maps discovered:
D:1:      dpeg_arrival_lava_altar, layout_basic,
          shapermc_ecumenical_altar_acropolis, serial_park_tiny_2, st_stairs_12
D:2:      kennysheep_six_static_rooms, layout_basic, minivault_5
D:3:      layout_loops_ring, serial_shops,
          nicolae_shop_competitors_out_of_business
D:4:      layout_basic, minmay_temple_entry_arrows, nrook_campfire,
          uniq_sigmund, uniq_menkaure
D:5:      corexii_shack_village, layout_basic, uniq_blork_the_orc
D:6:      layout_loops_corners, gammafunk_ghost_hive, dreamdust_wishing_well
D:7:      layout_loops_ring, serial_shops, nicolae_lakefront_shop
D:8:      layout_gridville, lair_entry_dummy
D:9:      minmay_the_grid_octo_tiled_squarecenter [minmay_the_grid_octo_shrine,
          minmay_the_grid_octo_clover_2, minmay_the_grid_octo_thin_diamonds,
          minmay_the_grid_octo_checkered,
          minmay_the_grid_square_5x5_megaprize_open,
          minmay_the_grid_square_5x5_shrine1,
          minmay_the_grid_square_5x5_almost_minimal,
          minmay_the_grid_square_5x5_inner_v,
          minmay_the_grid_square_5x5_beaten_path], layout_loops_corners,
          mainiacjoe_overflow_surrounded_room, serial_shops,
          nicolae_shop_hallway_plus
D:10:     layout_rooms, tgw_kikubaaqudgha, uniq_urug
D:11:     layout_layer_cave, minmay_shop_grid_forest
D:12:     layout_rooms
Temple:   nicolae_temple_slightly_damp_pantheon

Skill      XL: |  1  2  3  4  5  6  7  8  9 10 11 |
---------------+----------------------------------+-----
Fighting       | 3 4 |  4.3
Ranged Weapons | 5 6 7 8 11 | 11.3
Dodging        | 3 4 6 7 8 11 | 11.2
Axes           | 3 5 |  5.0
Spellcasting   | 1 3 |  3.2
Poison Magic   | 3 |  3.0
Short Blades   | 3 4 |  4.0
Stealth        | 3 5 |  5.0

Action                   |  1- 3 |  4- 6 |  7- 9 | 10-12 || total
-------------------------+-------+-------+-------+-------++-------
Melee: Hand axe          |       |       |    74 |   202 ||   276
       Punch             |       |       |     2 |     1 ||     3
       Dagger            |       |       |     5 |       ||     5
       Falchion          |       |       |       |     1 ||     1
 Fire: Shortbow          |    50 |   107 |    57 |       ||   214
       Longbow           |       |       |    96 |   209 ||   305
Invok: Potion Petition   |       |       |       |     1 ||     1
       Call Merchant     |       |       |       |     1 ||     1
Evoke: Box of beasts     |       |       |       |     1 ||     1
       Phantom mirror    |       |       |       |     1 ||     1
  Use: Scroll            |     4 |     6 |     5 |    14 ||    29
       Potion            |       |       |       |    17 ||    17
 Stab: Distracted        |       |       |       |     1 ||     1
Armor: Leather armour    |     2 |    16 |    53 |   115 ||   186
Dodge: Dodged            |     7 |    27 |   128 |   394 ||   556
Block: Other             |     1 |     7 |       |       ||     8
